 Dungeon Crawl Stone Soup version 0.28.0 (webtiles) character file.

Game seed: 17220510814429617047

57 sanka the Magician (level 3, 0/20 HPs)
             Began as a Deep Elf Transmuter on Feb 8, 2022.
             Was an Initiate of Ashenzari.
             Slain by an orc (4 damage)
             ... on level 3 of the Dungeon.
             The game lasted 00:04:18 (3294 turns).

sanka the Magician (Deep Elf Transmuter)            Turns: 3294, Time: 00:04:19

Health: 0/20       AC:  2    Str:  7    XL:     3   Next: 73%
Magic:  12/12      EV: 12    Int: 19    God:    Ashenzari [......]
Gold:   52         SH:  5    Dex: 15    Spells: 12/13 levels left

rFire   . . .      SeeInvis .   n - +0 trident
rCold   . . .      Faith    .   (no shield)
rNeg    . . .      Spirit   .   a - +0 robe
rPois   .          Reflect  +   (helmet currently unavailable)
rElec   .          Harm     .   (no cloak)
rCorr   .          Rampage  .   (no gloves)
Will    .....                   (boots currently unavailable)
Stlth   +.........              i - amulet of reflection
HPRegen 0.06/turn               g - ring of Ashenzari's Loss {Fly, Melee, Elem} (curse)
MPRegen 0.13/turn               (no ring)

@: appendages (expiring), flying
A: horns 2, talons 2
a: End Transformation, Renounce Religion, Shatter the Chains


You were on level 3 of the Dungeon.
You worshipped Ashenzari.
Ashenzari was noncommittal.
You had temporarily grown beastly horns and talons.
You visited 1 branch of the dungeon, and saw 3 of its levels.

You collected 52 gold pieces.

Inventory:

Hand Weapons
 n - a +0 trident (weapon)
Armour
 a - a +0 robe (worn)
Jewellery
 g - the cursed ring of Ashenzari's Loss (left hand) {Fly, Melee, Elem}
   (You found it on level 1 of the Dungeon)

   [ring of flight]

   Fly:       It grants you flight.
   It has a curse which improves the following skills: Melee Combat: Short
   Blades, Long Blades, Axes, Maces & Flails, Polearms, Staves and Unarmed
   Combat.
   Elements:  Fire Magic, Ice Magic, Air Magic and Earth Magic.
 i - an amulet of reflection (around neck)
Scrolls
 c - a scroll of identify {unknown}
 e - 2 scrolls of teleportation {unknown}
 j - a scroll of torment {unknown}
 k - a scroll of fog {unknown}
 l - a scroll of magic mapping {unknown}
 m - a scroll of acquirement {unknown}
Potions
 b - a potion of attraction {unknown}
 d - a potion of flight {unknown}
 f - 2 potions of brilliance {unknown}
 h - a potion of curing {unknown}


   Skills:
 - Level 0.7 Fighting
 - Level 2.4 Dodging
 - Level 2.4(2.8) Unarmed Combat
 + Level 5.7 Spellcasting
 - Level 2.1 Transmutations


You had 12 spell levels left.
You knew the following spells:

 Your Spells              Type           Power      Damage    Failure   Level
a - Beastly Appendage     Tmut           26%        N/A       4%          1

Your spell library contained the following spells:

 Spells                   Type           Power      Damage    Failure   Level
 Wereblood                Tmut           13%        N/A       7%          2
 Spider Form              Tmut/Pois      9%         N/A       22%         3
 Ice Form                 Ice/Tmut       9%         N/A       58%         4


Dungeon Overview and Level Annotations

Branches:
Dungeon (3/15)

Altars:
Ashenzari


Innate Abilities, Weirdness & Mutations

You have temporarily grown beastly horns and talons.


Message History

You see here a +0 mace of holy wrath.
Search for what [Enter for "."]? weap
There is a stone staircase leading up here.
You fly upwards.
There is a stone staircase leading down here.
There is a stone staircase leading down here.
You see here a +0 trident.
n - a +0 trident
n - a +0 trident (weapon)
Done exploring.
You see here a +0 dagger.
There is a stone staircase leading down here.
You fly downwards.
Found 16 gold pieces and 2 yellow potions.
Found a stone staircase leading down.
There is a stone staircase leading up here.
Unknown command.
An orc comes into view. It is wielding a +0 mace.
The orc shouts!
An orc is nearby!
You grow a pair of large bovine horns.
Your feet morph into talons.
The ball python hisses angrily.
You barely miss the orc. The orc hits you with a +0 mace.
You hit the orc. Your headbutt misses the orc.
The orc is moderately wounded.
The orc hits you with a +0 mace. x2
* * * LOW HITPOINT WARNING * * *
You are too injured to fight recklessly!
You are too injured to fight recklessly!
Your transformation is almost over.
There is a stone staircase leading up here.
The ball python misses you. The ball python grabs you.
You stop ascending the stairs.
The ball python constricts you. The ball python barely misses you.
The ball python constricts you.
* * * LOW HITPOINT WARNING * * *
Unknown command.
You hit the ball python. You headbutt the ball python.
You kill the ball python!
The orc barely misses you. The orc hits you with a +0 mace.
You die...

. ### .. +.# .!.
#.# ##....
#.##...#
#+###....#
#....@†#####.#
###
###.####o......#
...
.........$>.....
###
#...#######....#
. .#### #


You could see an orc.

Vanquished Creatures
  A dart slug (D:2)
  2 bats
  6 endoplasms
  2 giant cockroaches
  3 goblins
  4 hobgoblins
  3 jackals (D:2)
  11 kobolds
  6 quokkas
  3 ball pythons
  5 frilled lizards
  3 rats
49 creatures vanquished.

Notes
Turn   | Place    | Note
-------+----------+-------------------------------------------
     0 | D:1      | sanka the Deep Elf Transmuter began the quest for the Orb.
     0 | D:1      | Reached XP level 1. HP: 11/11 MP: 6/6
   330 | D:1      | Reached skill level 4 in Spellcasting
   330 | D:1      | Reached XP level 2. HP: 14/16 MP: 7/9
  1410 | D:1      | Reached XP level 3. HP: 19/20 MP: 11/11
  1540 | D:1      | Reached skill level 5 in Spellcasting
  2620 | D:2      | Found a faded altar of an unknown god.
  2628 | D:2      | Prayed at the altar of an unknown god.
  2628 | D:2      | Became a worshipper of Ashenzari the Shackled
  3294 | D:3      | Slain by an orc

Illustrated notes

Levels and vault maps discovered:
D:1:      dpeg_arrival_rhombus, layout_loops_ring
D:2:      layout_rooms, basic_ecumenical_altar, minmay_circle_x
D:3:      layout_rooms, mainiacjoe_overflow_24_doors

Skill      XL: |  1  2  3 |
---------------+----------+-----
Spellcasting   | 4 5 |  5.7
Fighting       | |  0.7
Dodging        | |  2.4
Unarmed Combat | |  2.4
Transmutations | |  2.1

Action                   || total
-------------------------++-------
Melee: Unarmed           ||   147
       Kick              ||    38
       Headbutt          ||    22
       Punch             ||     1
       Trident           ||     3
 Cast: Beastly Appendage ||    34
Invok: Curse Item        ||     1
Armor: Robe              ||    15
Dodge: Dodged            ||    75
Block: Other             ||     8
